 Dungeon Crawl Stone Soup version 0.27-a0-1591-gc56fcc985a (webtiles) character file.

Game seed: 14054007944255585188

1621 Tocho the Conjurer (level 8, -15/61 HPs)
             Began as a Red Draconian Conjurer on July 19, 2021.
             Was a Believer of Sif Muna.
             Demolished by an orc warrior (20 damage)
             ... on level 7 of the Dungeon.
             The game lasted 00:20:34 (9904 turns).

Tocho the Conjurer (Red Draconian Conjurer)         Turns: 9904, Time: 00:20:35

Health: -15/61     AC:  9    Str: 16    XL:     8   Next: 64%
Magic:  11/16      EV: 14    Int: 20    God:    Sif Muna [**....]
Gold:   416        SH:  0    Dex: 16    Spells: 8/18 levels left

rFire    + . .     SeeInvis .     - Unarmed
rCold    . . .     Faith    .   (no shield)
rNeg     . . .     Spirit   .   (armour unavailable)
rPois    .         Reflect  .   (helmet currently unavailable)
rElec    .         Harm     .   j - +1 cloak
rCorr    .         Rampage  .   k - +0 pair of gloves
Will     .....                  (boots currently unavailable)
Stlth    ++........             b - amulet of regeneration
HPRegen  1.20/turn              h - +6 ring of strength
MPRegen  0.15/turn              s - +6 ring of dexterity

@: short of breath, appendages, wereblooded
A: horns 2, talons 2, breathe fire, AC +6, unfitting armour, fire resistance 1,
cold-blooded
a: Breathe Fire, End Transformation, Renounce Religion, Channel Magic


You were on level 7 of the Dungeon.
You worshipped Sif Muna.
Sif Muna was pleased with you.
You had temporarily grown beastly horns and talons.
You visited 2 branches of the dungeon, and saw 8 of its levels.

You collected 416 gold pieces.

Inventory:

Hand Weapons
 y - a +3 long sword of electrocution
Missiles
 i - 2 throwing nets
 t - 128 stones
Armour
 j - a +1 cloak (worn)
 k - a +0 pair of gloves (worn)
Magical Staves
 l - a staff of fire
Jewellery
 b - an amulet of regeneration (around neck)
 h - a +6 ring of strength (left hand)
 r - a ring of protection from fire
 s - a +6 ring of dexterity (right hand)
 z - a +6 ring of dexterity
Wands
 x - a wand of acid (6)
Scrolls
 e - 3 scrolls of teleportation
 o - a scroll of enchant weapon {unknown}
 u - 2 scrolls of identify
 v - a scroll of fear {unknown}
 w - a scroll of torment {unknown}
Potions
 a - 2 potions of flight {unknown}
 c - a potion of magic {unknown}
 d - 3 potions of curing
 f - a potion of mutation {unknown}
 g - a potion of might {unknown}
 m - 2 potions of lignification {unknown}
 n - a potion of berserk rage {unknown}
 p - 2 potions of haste {unknown}
 q - a potion of cancellation {unknown}


   Skills:
 + Level 2.3 Fighting
 + Level 4.2 Dodging
 - Level 2.5 Stealth
 + Level 5.2 Unarmed Combat
 * Level 5.8 Spellcasting
 * Level 5.9 Conjurations
 + Level 2.2 Transmutations
 + Level 0.2 Earth Magic


You had 8 spell levels left.
You knew the following spells:

 Your Spells              Type           Power      Damage    Failure   Level
a - Magic Dart            Conj           100%       1d8       1%          1
b - Searing Ray           Conj           58%        3d5       1%          2
c - Beastly Appendage     Tmut           28%        N/A       4%          1
d - Wereblood             Tmut           14%        N/A       6%          2
e - Sandblast             Erth           12%        2d6       10%         1
f - Stone Arrow           Conj/Erth      36%        3d9       9%          3

Your spell library contained the following spells:

 Spells                   Type           Power      Damage    Failure   Level
 Passwall                 Tmut/Erth      8%         N/A       10%         2
 Dazzling Flash           Conj/Hex       34%        N/A       10%         3
 Spider Form              Tmut/Pois      5%         N/A       21%         3
 Fulminant Prism          Conj/Hex       8%         3d7       30%         4
 Iskenderun's Mystic Bla  Conj/Tloc      17%        2d5       30%         4
 Bolt of Magma            Conj/Fire/Erth 7%         4d6       77%         5
 Lee's Rapid Deconstruct  Erth           3%         3d6*      95%         5
 Lehudib's Crystal Spear  Conj/Erth      9%         10d4      100%        8
 Shatter                  Erth           3%         3d7*      100%        9
 Animate Armour           Summ/Erth      Unusable   N/A       N/A         4

Dungeon Overview and Level Annotations

Branches:
Dungeon (7/15)             Temple (1/1) D:5

Altars:
Ashenzari
Cheibriados
Dithmenos
Elyvilon
Fedhas
Gozag
Hepliaklqana
Kikubaaqudgha
Makhleb
Nemelex Xobeh
Okawaru
Qazlal
Ru
Sif Muna
Trog
Uskayaw
Vehumet
Wu Jian
Xom
Yredelemnul
Zin
The Shining One


Innate Abilities, Weirdness & Mutations

You have temporarily grown beastly horns and talons.
You can breathe blasts of fire.
Your fiery red scales are hard. (AC +6)
You cannot fit into any form of body armour.
Your flesh is heat resistant. (rF+)
You are cold-blooded and may be slowed by cold attacks.


Message History

You are electrocuted!
You hit the orc warrior. You claw the orc warrior.
The orc warrior is moderately wounded.
The orc warrior barely misses you.
You hit the orc warrior but do no damage.
You claw the orc warrior.
You headbutt the orc warrior, but do no damage.
The orc warrior is moderately wounded.
The orc warrior hits you with a +2 war axe of electrocution.
You closely miss the orc warrior.
You claw the orc warrior, but do no damage.
You tail-slap the orc warrior, but do no damage.
The orc warrior is moderately wounded.
You hit the orc warrior but do no damage.
You claw the orc warrior, but do no damage.
The orc warrior is moderately wounded.
The orc warrior completely misses you. The orc warrior barely misses you.
Press: ? - help, Shift-Dir - straight line, f - orc warrior
Aim: an orc warrior, wielding a +2 war axe of electrocution, wearing a +0 chain mail and quivering stones (moderately wounded)
You breathe a blast of fire.
The fiery breath hits the orc warrior!
The orc warrior is heavily wounded.
You hear a shout! x2
The orc warrior hits you with a +2 war axe of electrocution!
Casting: Wereblood (safe; 6% risk of failure)
Confirm with . or Enter, or press ? or * to list all spells.
Aiming: Searing Ray (safe; 1% risk of failure)
Press: ? - help, Shift-Dir - straight line, f/p - orc warrior
Aim: an orc warrior, wielding a +2 war axe of electrocution, wearing a +0 chain mail and quivering stones (heavily wounded, 77% to hit)
The searing ray misses the orc warrior. (Press . to maintain the ray.)
The orc warrior hits you with a +2 war axe of electrocution.
The searing ray misses the orc warrior.
The orc warrior hits you with a +2 war axe of electrocution!
The searing ray hits the orc warrior.
The orc warrior is heavily wounded.
The orc warrior hits you with a +2 war axe of electrocution!
* * * LOW HITPOINT WARNING * * *
You are electrocuted!!
You die...

#..######
##.######
#.......#
#.##.##.#
##.##.##.####.###
..##............
##.#####.####.###
#.#####.#
#○o@....#
#.####### #.#.
#.# #. #.# #. ##
##


You could see an orc warrior.

Vanquished Creatures
  2 water moccasins
  2 necrophages
  A kobold brigand (D:6)
  A gnoll sergeant (D:6)
  A water moccasin zombie (D:3)
  A wyvern skeleton (D:6)
  3 scorpions
  3 howler monkeys
  2 hounds
  A gnoll shaman (D:5)
  3 jellies
  Crazy Yiuf (D:4)
  4 orc priests
  A centaur skeleton (D:5)
  An iguana (D:4)
  An orc wizard (D:6)
  8 adders
  13 gnolls
  An adder skeleton (D:4)
  A worm (D:4)
  A dart slug (D:2)
  22 orcs
  A bat zombie (D:5)
  5 endoplasms
  3 giant cockroaches
  12 goblins
  6 hobgoblins
  5 jackals
  11 kobolds
  3 quokkas
  4 ball pythons
  3 bats (D:2)
  A frilled lizard (D:1)
  A quokka skeleton (D:4)
  5 rats (D:2)
  3 rat zombies (D:5)
137 creatures vanquished.

Notes
Turn   | Place    | Note
-------+----------+-------------------------------------------
     0 | D:1      | Tocho the Draconian Conjurer began the quest for the Orb.
     0 | D:1      | Reached XP level 1. HP: 14/14 MP: 3/3
    15 | D:1      | Found a faded altar of an unknown god.
   580 | D:1      | Reached XP level 2. HP: 14/20 MP: 5/5
   887 | D:2      | Learned a level 2 spell: Searing Ray
  1847 | D:2      | Found a hide-covered altar of Uskayaw.
  2108 | D:2      | Reached XP level 3. HP: 26/27 MP: 0/6
  2259 | D:2      | Reached skill level 1 in Unarmed Combat
  3319 | D:3      | Reached XP level 4. HP: 34/34 MP: 2/7
  3435 | D:3      | Reached skill level 1 in Fighting
  3980 | D:3      | Reached XP level 5. HP: 30/40 MP: 8/8
  4976 | D:4      | Reached XP level 6. HP: 17/47 MP: 0/10
  5446 | D:4      | Found a runed translucent door.
  5447 | D:4      | Noticed Crazy Yiuf
  5729 | D:4      | Killed Crazy Yiuf
  5787 | D:4      | Learned a level 1 spell: Beastly Appendage
  5790 | D:4      | Learned a level 2 spell: Wereblood
  5791 | D:5      | Entered Level 5 of the Dungeon
  6018 | D:5      | Found a staircase to the Ecumenical Temple.
  6027 | Temple   | Entered the Ecumenical Temple
  6375 | Temple   | Became a worshipper of Sif Muna the Loreminder
  6866 | D:5      | Your scales start taking on a fiery red colour.
  6866 | D:5      | Reached XP level 7. HP: 29/52 MP: 9/11
  6866 | D:5      | Gained mutation: Your flesh is heat resistant. (rF+) [Red
                  | Draconian growth]
  6873 | D:5      | Reached skill level 5 in Conjurations
  7304 | D:5      | Reached * piety under Sif Muna
  7343 | D:5      | Learned a level 1 spell: Sandblast
  7370 | D:5      | Reached skill level 1 in Transmutations
  7963 | D:5      | Found an ancient bone altar of Kikubaaqudgha.
  8111 | D:6      | Reached XP level 8. HP: 50/61 MP: 12/14
  8181 | D:6      | Learned a level 3 spell: Stone Arrow
  9085 | D:6      | Reached skill level 5 in Spellcasting
  9106 | D:6      | Reached skill level 5 in Unarmed Combat
  9222 | D:6      | Reached ** piety under Sif Muna
  9904 | D:7      | Demolished by an orc warrior

Illustrated notes

Levels and vault maps discovered:
D:1:      dpeg_arrival_lava_temple_mockup, layout_loops_cross,
          hellmonk_ecumenical_altar_blasted
D:2:      layout_basic, basic_altar, minmay_unequal
D:3:      layout_basic
D:4:      cheibrodos_greedy_goblins, layout_loops_ring, glass_columns_c,
          nrook_mini_vaults, chequers_decorated_corner, uniq_crazy_yiuf_cottage
D:5:      layout_rooms, lemuel_zombie_altar_kikubaaqudgha,
          minmay_temple_entry_statues_pillars
D:6:      layout_basic
D:7:      layout_loops_cross, serial_bayou_pond_a, uniq_maggie
Temple:   regret_index_temple_sigil_plot

Skill      XL: |  1  2  3  4  5  6  7  8 |
---------------+-------------------------+-----
Dodging        | 2 3 4 |  4.2
Unarmed Combat | 1 2 3 4 5 |  5.2
Stealth        | 2 |  2.5
Fighting       | 1 2 |  2.3
Spellcasting   | 3 4 5 |  5.8
Conjurations   | 5 |  5.9
Transmutations | 1 2 |  2.2
Earth Magic    | |  0.2

Action                   |  1- 3 |  4- 6 |  7- 9 || total
-------------------------+-------+-------+-------++-------
Melee: Unarmed           |   186 |   204 |   101 ||   491
       Tailslap          |    10 |    17 |    14 ||    41
       Punch             |       |     2 |     4 ||     6
       Kick              |       |    11 |    17 ||    28
       Headbutt          |       |     3 |    10 ||    13
 Cast: Magic Dart        |    14 |     1 |     7 ||    22
       Searing Ray       |     5 |     9 |    19 ||    33
       Beastly Appendage |       |     6 |    16 ||    22
       Wereblood         |       |     1 |    10 ||    11
       Stone Arrow       |       |       |     7 ||     7
       Sandblast         |       |       |     1 ||     1
 Abil: Breathe Fire      |       |       |    10 ||    10
  Use: Scroll            |       |     5 |       ||     5
 Stab: Sleeping          |     4 |     3 |       ||     7
Armor: Skin              |    85 |    58 |    40 ||   183
Dodge: Dodged            |   173 |   138 |    83 ||   394

Table legend: (Time is in decaauts)
 A = Elapsed time spent in this place.
 B = Non-inter-level travel time spent in this place.
 C = Inter-level travel time spent in this place.
 D = Time resting spent in this place.
 E = Time spent auto-exploring this place.
 F = Levels seen in this place.
 G = Mean time per level.
                   A        B        C        D        E       F      G
               +--------+--------+--------+--------+--------+-----+--------+
         Total |   9891 |   8646 |   1245 |   1150 |   6161 |   8 | 1236.4 |
       Dungeon |   9507 |   8319 |   1188 |   1150 |   5837 |   7 | 1358.1 |
        Temple |    383 |    326 |     57 |      0 |    324 |   1 |  383.0 |
               +--------+--------+--------+--------+--------+-----+--------+

Top non-repeatable levels by time:
     D:4: 2189 daAuts
     D:2: 1917 daAuts
     D:5: 1703 daAuts
     D:6: 1416 daAuts
     D:1: 1096 daAuts
     D:3: 1061 daAuts
  Temple: 383 daAuts
     D:7: 122 daAuts
